 Dungeon Crawl Stone Soup version 0.28.0-53-g5a82cb258f (webtiles) character file.

Game seed: 15620130136949404812

747 GigaChad the Slasher (level 7, -3/60 HPs)
             Began as a Minotaur Gladiator on Aug 22, 2022.
             Was an Initiate of Gozag.
             Slain by an iguana (6 damage)
             ... on level 5 of the Dungeon.
             The game lasted 00:09:09 (4310 turns).

GigaChad the Slasher (Minotaur Gladiator)           Turns: 4310, Time: 00:09:10

Health: -3/60      AC: 12    Str: 19    XL:     7   Next: 48%
Magic:  6/6        EV:  7    Int:  5    God:    Gozag
Gold:   467        SH:  0    Dex: 13    Spells: 6/6 levels left

rFire   . . .      SeeInvis .   n - +4 quarterstaff (chaos)
rCold   . . .      Faith    .   (shield currently unavailable)
rNeg    . . .      Spirit   .   i - +0 plate armour
rPois   .          Reflect  .   c - +0 hat
rElec   .          Harm     .   (no cloak)
rCorr   .          Rampage  .   (no gloves)
Will    .....                   (no boots)
Stlth   ..........              (no amulet)
HPRegen 0.20/turn               (no ring)
MPRegen 0.10/turn               (no ring)

@: no status effects
A: horns 2, retaliatory headbutt
a: Renounce Religion, Potion Petition, Call Merchant, Bribe Branch


You were on level 5 of the Dungeon.
You worshipped Gozag.
Gozag was aware of your devotion.
You visited 1 branch of the dungeon, and saw 6 of its levels.

You collected 467 gold pieces.

Inventory:

Hand Weapons
 a - a +0 long sword
 n - a +4 quarterstaff of chaos (weapon)
Missiles
 d - 3 throwing nets (quivered)
Armour
 b - a +0 leather armour
 c - a +0 hat (worn)
 i - a +0 plate armour (worn)
 u - a +0 kite shield
Magical Staves
 p - a staff of cold
Wands
 m - a wand of digging (7)
Scrolls
 h - a scroll of silence {unknown}
 j - a scroll of teleportation {unknown}
 q - 2 scrolls of enchant weapon {unknown}
 r - a scroll of fear {unknown}
 s - a scroll of noise {unknown}
 t - 2 scrolls of identify {unknown}
Potions
 e - 2 potions of cancellation {unknown}
 f - 3 potions of might {unknown}
 g - 4 potions of haste {unknown}
 k - 2 potions of lignification {unknown}
 l - 2 potions of degeneration {unknown}
 o - a potion of berserk rage {unknown}
 v - a potion of flight {unknown}
 w - a potion of curing {unknown}


   Skills:
 + Level 4.6 Fighting
 + Level 5.7 Long Blades
 + Level 4.7 Staves
 + Level 2.1 Throwing
 + Level 5.1 Armour
 + Level 3.9 Dodging
 + Level 1.0 Stealth


You had 6 spell levels left.
You didn't know any spells.
Your spell library contained the following spells:

 Spells                   Type           Power      Damage    Failure   Level
 Frozen Ramparts          Ice            0%         1d2       100%        3
 Ozocubu's Armour         Ice            0%         N/A       100%        3
 Ice Form                 Ice/Tmut       0%         N/A       100%        4
 Summon Ice Beast         Ice/Summ       0%         N/A       100%        4
 Ozocubu's Refrigeration  Ice            0%         4d5       100%        7


Dungeon Overview and Level Annotations

Branches:
Dungeon (6/15)
 Temple: D:4-7

Altars:
Gozag
Ru


Innate Abilities, Weirdness & Mutations

You have a pair of horns on your head.
You reflexively headbutt those who attack you in melee.


Message History

An iguana comes into view.
Things that are here:
a +0 dagger; a +0 robe; a +0 trident You see here a +0 hand axe.
You barely miss the iguana.
The iguana hisses menacingly.
The iguana barely misses you.
You hit the iguana.
The iguana suddenly seems more agile.
The iguana is lightly wounded.
The iguana barely misses you. You furiously retaliate!
You headbutt the iguana. You barely miss the iguana.
Your headbutt misses the iguana.
The iguana is moderately wounded.
The iguana bites you.
* * * LOW HITPOINT WARNING * * *
You closely miss the iguana. You headbutt the iguana.
The iguana is moderately wounded.
The iguana barely misses you.
You miss the iguana.
You headbutt the iguana, but do no damage.
The iguana is moderately wounded.
The iguana closely misses you.
You barely miss the iguana.
The iguana is moderately wounded.
The iguana bites you but does no damage.
You hit the iguana. Your headbutt misses the iguana.
The iguana is heavily wounded.
The iguana bites you but does no damage.
You barely miss the iguana.
The iguana is heavily wounded.
The iguana bites you.
* * * LOW HITPOINT WARNING * * *
You barely miss the iguana.
The iguana is heavily wounded.
The iguana bites you.
* * * LOW HITPOINT WARNING * * *
You barely miss the iguana. You headbutt the iguana.
The iguana is almost dead.
The iguana bites you.
You die...
Your body crumbles into a pile of gold.

#........ .....
#....... ... #..../..
... ##....... #.#
..:.....## #.#
.........####.####
.........##......###..
$
#.!.....l@).))........
#.......#.#......###..
........#.#......#
...........).....#
............#.......
............#........
............#........
####........#.###....
#........#.###....


You could see an iguana (agile).

Vanquished Creatures
  Grinder (D:3)
  A necrophage (D:5)
  A centaur (D:6)
  A phantom (D:5)
  A bullfrog (D:6)
  A hound (D:6)
  Crazy Yiuf (D:2)
  An iguana (D:3)
  An orc wizard (D:5)
  3 gnolls (D:2)
  6 adders
  An ufetubus (D:5)
  A worm (D:2)
  2 dart slugs
  5 orcs
  6 ball pythons
  6 bats
  8 endoplasms
  2 giant cockroaches
  7 hobgoblins
  3 kobolds
  2 quokkas
  3 frilled lizards
  3 goblins
  3 rats
70 creatures vanquished.

Notes
Turn   | Place    | Note
-------+----------+-------------------------------------------
     0 | D:1      | GigaChad the Minotaur Gladiator began the quest for the
                  | Orb.
     0 | D:1      | Reached XP level 1. HP: 18/18 MP: 0/0
   173 | D:1      | Reached XP level 2. HP: 18/25 MP: 1/1
   828 | D:1      | Found a faded altar of an unknown god.
   830 | D:1      | Prayed at the altar of an unknown god.
   830 | D:1      | Became a worshipper of Gozag Ym Sagoz the Greedy
  1078 | D:2      | Reached skill level 1 in Armour
  1114 | D:2      | Reached XP level 3. HP: 25/30 MP: 2/2
  1639 | D:2      | Reached XP level 4. HP: 37/38 MP: 3/3
  1939 | D:2      | Found a runed translucent door.
  1940 | D:2      | Noticed Crazy Yiuf
  2168 | D:2      | Killed Crazy Yiuf
  3147 | D:3      | Found a sacrificial altar of Ru.
  3178 | D:3      | Reached skill level 5 in Long Blades
  3499 | D:3      | Noticed Grinder
  3517 | D:3      | Paralysed by Grinder for 6 turns
  3531 | D:3      | Killed Grinder
  3532 | D:3      | Reached XP level 5. HP: 26/45 MP: 4/4
  3532 | D:3      | Reached XP level 6. HP: 30/51 MP: 5/5
  4054 | D:4      | You fall into a shaft and drop 2 floors!
  4104 | D:6      | Reached skill level 1 in Stealth
  4104 | D:6      | Reached XP level 7. HP: 45/59 MP: 6/6
  4229 | D:5      | Entered Level 5 of the Dungeon
  4287 | D:5      | Reached skill level 5 in Armour
  4309 | D:5      | HP: 3/60 [iguana (3)]
  4310 | D:5      | Slain by an iguana

Illustrated notes

Levels and vault maps discovered:
D:1:      lemuel_arrival_tunnels, layout_loops_ring,
          chequers_ecumenical_altar_twisty, bh_walls_and_bars
D:2:      layout_basic, minmay_misc_feat_room, uniq_crazy_yiuf_cottage
D:3:      kb_forest_paths, layout_basic, nicolae_ru_sacrificial_ziggurat,
          uniq_grinder
D:4:      layout_cave_pods, chequers_mini_garden, uniq_robin
D:5:      layout_basic, kennysheep_mini, minmay_temple_entry_wispy,
          minmay_misc_feat_alley
D:6:      layout_rooms

Skill      XL: |  1  2  3  4  5  6  7 |
---------------+----------------------+-----
Long Blades    | 4 5 |  5.7
Armour         | 1 3 4 5 |  5.1
Fighting       | 3 4 |  4.6
Staves         | 2 3 4 |  4.7
Stealth        | 1 |  1.0
Throwing       | |  2.1
Dodging        | |  3.9

Action                   |  1- 3 |  4- 6 |  7- 9 || total
-------------------------+-------+-------+-------++-------
Melee: Long sword        |    53 |    17 |       ||    70
       Headbutt          |     7 |    16 |     8 ||    31
       Punch             |     1 |       |       ||     1
       Quarterstaff      |       |    57 |    35 ||    92
  Use: Scroll            |     1 |       |       ||     1
 Stab: Invisible         |       |     1 |       ||     1
Armor: Leather armour    |    11 |       |       ||    11
       Plate armour      |    21 |    62 |    46 ||   129
Dodge: Dodged            |    46 |    43 |    21 ||   110
